 Seeded DCSS version 0.30-a0-830-gfe289a77b0 (webtiles) character file.

Game seed: 9580760818343438066 (custom seed)

76 hikkokomori the Covered (level 4, 40/40 HPs)
             Began as a Minotaur Fighter on Mar 1, 2023.
             Quit the game on level 3 of the Dungeon.
             The game lasted 00:02:32 (2226 turns).

hikkokomori the Covered (Minotaur Fighter)          Turns: 2226, Time: 00:02:33

Health: 40/40      AC: 10    Str: 26    XL:     4   Next: 12%
Magic:  3/3        EV:  8    Int:  5    God:
Gold:   187        SH:  4    Dex:  5    Spells: 3/3 levels left

rFire   . . .      SeeInvis .    a - +0 war axe (protect)
rCold   . . .      Faith    .    c - +0 buckler
rNeg    . . .      Spirit   .    s - +0 chain mail of Unbearable Brilliance {Rampage Str+3 Dex-4 Stlth+}
rPois   .          Reflect  .    (helmet restricted)
rElec   .          Harm     .    (no cloak)
rCorr   .          Rampage  +    (no gloves)
Will    .....                    g - +0 pair of boots Stlth
                                 (no amulet)
HPRegen 0.26/turn                (no ring)
MPRegen 0.08/turn                (no ring)

@: no status effects
A: horns 2, retaliatory headbutt
a: no special abilities


You were on level 3 of the Dungeon.
You visited 1 branch of the dungeon, and saw 4 of its levels.

You collected 187 gold pieces.

Inventory:

Hand Weapons
 a - a +0 war axe of protection (weapon)
Armour
 b - a +0 scale mail
 c - a +0 buckler (worn)
 g - a +0 pair of boots (worn)
 s - the +0 chain mail of Unbearable Brilliance (worn) {Rampage Str+3 Dex-4 Stlth+}
   (You found it on level 2 of the Dungeon)

   Str:       It affects your strength (+3).
   Dex:       It affects your dexterity (-4).
   Rampage:   It bestows one free step when moving towards enemies.
   Stlth:     It makes you more stealthy.
Jewellery
 n - a +6 ring of intelligence
 q - an amulet of magic regeneration
Scrolls
 e - 6 scrolls of identify
 r - 3 scrolls of teleportation
Potions
 d - 3 potions of might
 i - a potion of degeneration {unknown}
 j - a potion of resistance {unknown}
 k - a potion of brilliance {unknown}
 l - a potion of lignification
 m - a potion of flight {unknown}
 u - 2 potions of heal wounds {unknown}


   Skills:
 + Level 4.3 Fighting
 + Level 3.4 Axes
 + Level 4.3 Armour
 + Level 4.3 Shields


You had 3 spell levels left.
You didn't know any spells.
Your spell library contained the following spells:

 Spells                   Type           Power      Damage    Failure   Level
 Beastly Appendage        Tmut           0%         N/A       99%         1
 Blink                    Tloc           0%         N/A       100%        2
 Lesser Beckoning         Tloc           0%         N/A       100%        2
 Momentum Strike          Conj/Tloc      0%         3d8       100%        2
 Wereblood                Tmut           0%         N/A       100%        2
 Spider Form              Tmut/Pois      0%         N/A       100%        3
 Fireball                 Conj/Fire      0%         3d3       100%        5
 Iskenderun's Battlesphe  Conj           0%         2d6       100%        5
 Conjure Ball Lightning   Conj/Air       0%         3x3d6     100%        6
 Orb of Destruction       Conj           0%         9d5       100%        7


Dungeon Overview and Level Annotations

Branches:
Dungeon (4/15)
 Temple: D:4-7

Altars:

Shops:
D:2 [


Innate Abilities, Weirdness & Mutations

You have a pair of horns on your head.
You reflexively headbutt those who attack you in melee.


Message History

Done exploring.
Done exploring.
Done exploring.
Done exploring.
As you read the scroll labelled EBLUV ATTACIF, it crumbles to dust.
It is a scroll of brand weapon.
Your +0 war axe projects an invisible shield of force!
a - a +0 war axe of protection (weapon)
As you read the scroll labelled GYUSTI UTIO, it crumbles to dust.
A profound silence engulfs you.
It was a scroll of silence.
Magic scrolls do not work when you're silenced!
You start waiting.
Your hearing returns.
You start waiting.
Done waiting.
As you read the scroll labelled ARESASCHAQAX, it crumbles to dust.
You feel momentarily disoriented.
It was a scroll of magic mapping.
As you read the scroll labelled LIACEMUFYMI, it crumbles to dust.
Wisps of shadow whirl around you...
It was a scroll of summoning.
As you read the scroll labelled ATWEGOMUIG, it crumbles to dust.
The scroll dissolves into smoke.
It was a scroll of fog.
As you read the scroll labelled GEUSKEA ENKORCH, it crumbles to dust.
You feel strangely unstable.
It was a scroll of teleportation.
As you read the scroll labelled ICAWEGR UJIMU, it crumbles to dust.
It is a scroll of identify.
l - a potion of lignification You swap places.
Your surroundings suddenly seem different.
You can't go down here!
There is an escape hatch in the floor here.
There is a stone staircase leading down here.
You climb downwards.
Your summoned ally is left behind.
The adder hisses angrily.
The endoplasm quivers.
Found a coppery potion.
There is a stone staircase leading up here.
You climb upwards.
Your bat dissolves into shadows!
There is a stone staircase leading down here.
Are you sure you want to abandon this character and quit the game? (Confirm with "yes".)

## #..#######.####.#
#.# .# #.## #.#
#.#####.# .# #.# #.#
#.......# .# #.# #.#
##.#.##.# .# #.# #.#
#.#.##.# .# #.# #.#
#.#.##.# ##
#.########.#####.#.##.#
#[.......#............#
########@#######....###
#............###
#########.......###
#..................
#.#######.....).### #.#
##....### #.######
#....# #......# #.#.##
######.# #.#.#


There were no monsters in sight!

Vanquished Creatures
  3 adders
  A worm (D:2)
  A dart slug (D:2)
  4 endoplasms
  2 giant cockroaches
  4 goblins
  6 hobgoblins
  6 kobolds
  6 ball pythons
  3 bats (D:1)
  A frilled lizard (D:2)
  6 rats
43 creatures vanquished.

Vanquished Creatures (others)
  4 fungi (D:2)
  3 toadstools (D:2)
7 creatures vanquished.

Grand Total: 50 creatures vanquished

Notes
Turn   | Place    | Note
-------+----------+-------------------------------------------
     0 | D:1      | hikkokomori the Minotaur Fighter began the quest for the
                  | Orb.
     0 | D:1      | Reached XP level 1. HP: 19/19 MP: 0/0
   342 | D:1      | Reached XP level 2. HP: 26/27 MP: 1/1
   561 | D:2      | Found Afauhoad's Antique Armour Boutique.
   794 | D:2      | Reached XP level 3. HP: 33/33 MP: 2/2
  1006 | D:2      | Identified the +0 chain mail of Unbearable Brilliance
                  | {Rampage Str+3 Dex-4 Stlth+}
  1571 | D:3      | Reached XP level 4. HP: 12/40 MP: 3/3
  2223 | D:4      | Noticed a phantom
  2226 | D:3      | Quit the game

Illustrated notes

Levels and vault maps discovered:
D:1:      dpeg_arrival_windows_large_door, layout_basic
D:2:      minmay_angry_zag, layout_loops_cross, serial_shops, shop,
          chequers_serial_rivers_micro_b, minmay_gold_behind_fungi
D:3:      layout_loops_ring
D:4:      layout_loops_ring

Skill      XL: |  1  2 |
---------------+-------+-----
Fighting       | 4 |  4.3
Armour         | 4 |  4.3
Shields        | 4 |  4.3
Axes           | 3 |  3.4

Action                     |  1- 3 |  4- 6 || total
---------------------------+-------+-------++-------
  Melee: War axe           |   108 |     2 ||   110
         Headbutt          |     5 |       ||     5
    Use: Scroll            |       |     7 ||     7
 Armour: Scale mail        |    27 |       ||    27
         Chain mail        |    19 |     2 ||    21
  Dodge: Dodged            |    47 |       ||    47
  Block: Buckler           |    26 |     1 ||    27

Table legend: (Time is in decaauts)
 A = Elapsed time spent in this place.
 B = Non-inter-level travel time spent in this place.
 C = Inter-level travel time spent in this place.
 D = Time resting spent in this place.
 E = Time spent auto-exploring this place.
 F = Levels seen in this place.
 G = Mean time per level.
                   A        B        C        D        E       F      G
               +--------+--------+--------+--------+--------+-----+--------+
         Total |   2270 |   2141 |    129 |    126 |   1685 |   4 |  567.5 |
       Dungeon |   2270 |   2141 |    129 |    126 |   1685 |   4 |  567.5 |
               +--------+--------+--------+--------+--------+-----+--------+

Top non-repeatable levels by time:
     D:3: 901 daAuts
     D:2: 876 daAuts
     D:1: 491 daAuts
     D:4: 1 daAuts
